 Dungeon Crawl Stone Soup version 0.30-a0-737-gf23d94013f (webtiles) character file.

Game seed: 16294608281428960031

3315 kae the Transmogrifier (level 9, -2/56 (68) HPs)
             Began as a Green Draconian Transmuter on Feb 1, 2023.
             Was a Believer of Hepliaklqana.
             Slain by a wight
             ... wielding a +0 battleaxe
              (15 damage)
             ... on level 7 of the Dungeon.
             The game lasted 00:07:45 (7556 turns).

kae the Transmogrifier (Green Draconian Transmuter) Turns: 7556, Time: 00:07:46

HP:   -2/56 (68)    AC:  8    Str: 13    XL:     9   Next: 70%
MP:   24/25         EV: 10    Int: 17    God:    Hepliaklqana [**....]
Gold: 444           SH:  0    Dex: 12    Spells: 1/18 levels left

rFire   x . .      SeeInvis .      - Unarmed
rCold   + + +      Faith    .    (shield currently unavailable)
rNeg    + . .      Spirit   .    (body armour unavailable)
rPois   +          Reflect  .    (helmet currently unavailable)
rElec   .          Harm     .    (cloak currently unavailable)
rCorr   .          Rampage  .    (gloves currently unavailable)
Will    .....                    (boots currently unavailable)
Stlth   +                        (no amulet)
HPRegen 0.29/turn                W - ring of magical power
MPRegen 0.19/turn                N - ring of positive energy

@: ice-form, heavily drained
A: freezing attack, amphibious, boosted hp, reduced essence, (breathe noxious
fumes), AC +7, large, unfitting armour, (poison resistance), (cold-blooded)
a: End Transformation, Renounce Religion, Recall Ancestor, Ancestor Identity


You were on level 7 of the Dungeon.
You worshipped Hepliaklqana.
Hepliaklqana was pleased with you.
You were a creature of crystalline ice.
You visited 2 branches of the dungeon, and saw 9 of its levels.

You collected 444 gold pieces.


Innate Abilities, Weirdness & Mutations

You are a creature of crystalline ice.
You have a powerful freezing melee attack.
You are amphibious.
Your maximum health is increased.
Your armour is entirely melded.
You are incapable of wielding weapons or throwing items.
Your life essence is reduced to manifest your ancestor. (-10% HP)
((You can breathe blasts of noxious fumes.))
((Your lurid green scales are hard. (AC +7)))
You cannot fit into any form of body armour.
((Your system is resistant to poisons. (rPois)))
((You are cold-blooded and may be slowed by cold attacks.))


   Skills:
 - Level 1.1 Fighting
 - Level 1.7 Dodging
 + Level 6.2 Unarmed Combat
 + Level 5.3 Spellcasting
 * Level 8.2 Transmutations
 - Level 5.2 Ice Magic
 * Level 3.2 Air Magic
 - Level 2.4 Poison Magic
 + Level 4.7 Invocations


You had one spell level left.
You knew the following spells:

 Your Spells              Type           Power      Damage    Failure   Level
a - Beastly Appendage     Tmut           64%        N/A       1%          1
b - Wereblood             Tmut           32%        N/A       1%          2
c - Spider Form           Tmut/Pois      22%        N/A       4%          3
d - Ice Form              Ice/Tmut       27%        N/A       9%          4
e - Storm Form            Tmut/Air       11%        N/A       100%        7

Your spell library contained the following spells:

 Spells                   Type           Power      Damage    Failure   Level
 Sandblast                Erth           8%         2d5       14%         1
 Passwall                 Tmut/Erth      15%        N/A       3%          2
 Ensorcelled Hibernation  Hex/Ice        26%        N/A       7%          2
 Blink                    Tloc           8%         N/A       22%         2
 Stone Arrow              Conj/Erth      8%         3d7       38%         3
 Anguish                  Hex/Necr       2%         N/A       80%         4
 Manifold Assault         Tloc           4%         N/A       80%         4

Inventory:

Missiles
 e - 56 stones
 g - 13 poisoned darts
 l - 6 curare-tipped darts {=f}
 q - 3 throwing nets {=f!f}
 s - a boomerang
Jewellery
 F - a ring of protection from fire
   (You took it off an orc on level 7 of the Dungeon)
 N - a ring of positive energy (right front paw)
   (You found it on level 3 of the Dungeon)
 R - a ring of resist corrosion
   (You found it on level 5 of the Dungeon)
 W - a ring of magical power (left front paw)
   (You found it on level 1 of the Dungeon)
Wands
 t - a wand of paralysis (9)
   (You found it on level 7 of the Dungeon)
 w - a wand of flame (13)
   (You found it on level 8 of the Dungeon)
Scrolls
 d - 2 scrolls of immolation {!r!r}
 m - a scroll of vulnerability {!r!r}
 n - a scroll of enchant armour
 p - 2 scrolls of fear
 v - a scroll of magic mapping {!r}
Potions
 a - a potion of lignification {!q}
 b - a potion of cancellation
 c - 2 potions of resistance {unknown}
 f - a potion of degeneration {unknown}
 h - a potion of ambrosia {unknown}
 i - a potion of flight
 j - 2 potions of berserk rage {unknown}
 k - a potion of curing {@q1}
 o - a potion of haste {unknown}
 r - a potion of brilliance {unknown}

Dungeon Overview and Level Annotations

Branches:
Dungeon (8/15) Zot: 26765  Temple (1/1) D:4 Zot: 5973
   Lair: D:8-11

Altars:
Ashenzari
Dithmenos
Elyvilon
Fedhas
Gozag
Hepliaklqana
Kikubaaqudgha
Makhleb
Nemelex Xobeh
Okawaru
Qazlal
Ru
Sif Muna
Trog
Uskayaw
Vehumet
Wu Jian
Xom
Zin
The Shining One

Shops:
D:1 (   D:4 ?

Annotations:
D:6 2 transporters

#.......###...#..............#...
#...............>............#...
###..#.##.......###.###......#...
##.............##.# #.####.#...
####..........##.# #.# #.#... ##
##.........##.# #.# #.##.. .#####
#............###.# #.##..
.....###.........#...##.####.###.
..).............Y###...........##
.######........z>######.###.....#
..### #............# #.# #..###.
....####.........#.# #.# #### #.
...##.>#.........#.####.# #.
...#...#.........#...##.########.
...#R.###........#...##..........
....######.....#........########.
........######........##########.


You could see a wight.


Message History

Xolani gestures at the wight while chanting.
The wight seems to slow down.
The wight completely misses Xolani.
The wight hits you but does no damage.
The wight closely misses Xolani. 😎 MP[+1]
You hit the wight.
The wight hits Xolani with a +1 long sword!
Xolani is destroyed!
The wight hits you with a +0 dagger.
You hit the wight. The wight barely misses you.
You hit the wight but do no damage. The wight barely misses you.
The wight hits you from afar with a +0 halberd!
You barely miss the wight.
The wight hits you but does no damage. 😕 HP[-8]
You take 8 damage, and now have 56/64 hp.
Unknown command.
You hit the wight. The wight misses you.
The wight hits you with a +1 long sword.
The wight barely misses you. The wight hits you with a +0 battleaxe!
You partially resist.
You feel drained.
You hit the wight but do no damage. 😮 HP[-11] MP[+1]
You now have 63 max hp (-1).
You take 11 damage, and now have 45/63 hp.
You punch the wight!
You feel a bit better.
You destroy the wight!
You howl as the wereblood boils in your veins!
The wight hits you with a +1 long sword.
You partially resist.
You feel drained. The wight hits you with a +0 battleaxe! You partially resist.
You feel drained.
* * * LOW HITPOINT WARNING * * *
The wight closely misses you. 😨 HP[-15]
You now have 62 max hp (-1).
You take 15 damage, and now have 30/62 hp.
MASSIVE DAMAGE!! (PAUSE)
The wight attacks as you move away! The wight barely misses you.
There is a stone staircase leading up here.
Your primal bloodlust is almost over.
The wight hits you with a +0 battleaxe!
* * * LOW HITPOINT WARNING * * *
The wight hits you from afar with a +0 halberd!
* * * LOW HITPOINT WARNING * * *
You partially resist.
You feel drained.
* * * LOW HITPOINT WARNING * * *
You climb upwards.
There is a stone staircase leading down here. 😱 HP[-18]
You now have 61 max hp (-1).
You take 18 damage, and now have 12/61 hp.
MASSIVE DAMAGE!! (PAUSE) Unknown command.
The wight attacks as you move away! The wight barely misses you. 😱 MP[+1]
Okay, then.
It was a potion of heal wounds.
You feel much better.
The wight hits you with a +1 long sword.
You partially resist.
You feel drained. 😮 HP[+27]
You now have 58 max hp (-3).
You regained 27 hp, and now have 39/58 hp.
You punch the wight!
The wight hits you with a +1 long sword!
* * * LOW HITPOINT WARNING * * *
You partially resist.
You feel drained.
* * * LOW HITPOINT WARNING * * *
The wight hits you with a +0 battleaxe.
* * * LOW HITPOINT WARNING * * *
😨 HP[-15]
You now have 56 max hp (-2).
You take 15 damage, and now have 24/56 hp.
MASSIVE DAMAGE!! (PAUSE)
You hit the wight.
The wight hits you with a +1 long sword.
* * * LOW HITPOINT WARNING * * *
You partially resist.
You feel drained. The wight closely misses you. 😨 HP[-2]
You now have 55 max hp (-1).
You take 2 damage, and now have 22/55 hp.
You punch the wight!
You feel a bit better.
You destroy the wight!
Your primal bloodlust has ended.
The wight hits you with a +0 battleaxe!
* * * LOW HITPOINT WARNING * * *
😱 HP[-10]
You now have 56 max hp (+1).
You take 10 damage, and now have 12/56 hp.
You barely miss the wight.
The wight hits you but does no damage. 😱 HP[+1] MP[+1]
You barely miss the wight. The wight closely misses you.
Unknown command.
You hit the wight but do no damage. The wight hits you with a +0 battleaxe!
You die...

Skill      XL: |  1  2  3  4  5  6  7  8  9 |
---------------+----------------------------+-----
Transmutations | 3 4 5 7 8 |  8.2
Poison Magic   | 1 2 |  2.4
Spellcasting   | 3 4 5 |  5.3
Unarmed Combat | 4 5 6 |  6.2
Ice Magic      | 1 3 5 |  5.2
Invocations    | 1 2 3 4 |  4.7
Air Magic      | 3 |  3.2
Fighting       | |  1.1
Dodging        | |  1.7

Action                     |  1- 3 |  4- 6 |  7- 9 || total
---------------------------+-------+-------+-------++-------
  Melee: Unarmed           |   128 |   170 |   239 ||   537
         Kick              |    23 |    20 |       ||    43
         Tailslap          |    11 |     8 |     2 ||    21
         Headbutt          |     7 |    13 |       ||    20
         Punch             |       |     5 |     1 ||     6
   Cast: Beastly Appendage |    24 |    27 |       ||    51
         Spider Form       |       |     9 |     7 ||    16
         Wereblood         |       |     1 |     6 ||     7
         Ice Form          |       |       |    19 ||    19
 Invoke: Ancestor Life: He |       |       |     1 ||     1
Ability: Breathe Noxious F |       |       |     4 ||     4
    Use: Scroll            |     4 |     7 |     1 ||    12
         Potion            |       |       |     1 ||     1
   Stab: Sleeping          |     1 |       |       ||     1
         Distracted        |       |       |     2 ||     2
         Confused          |       |       |     2 ||     2
 Armour: Skin              |    44 |    48 |    57 ||   149
  Dodge: Dodged            |    95 |   149 |   120 ||   364

Levels and vault maps discovered:
D:1:      minmay_arrival_five_plusses, layout_loops_ring, serial_shops,
          nicolae_diamond_shop, hellmonk_ecumenical_altar_defaced_shrine,
          minmay_indecisive_spiral
D:2:      minmay_evil_eye, layout_rooms, basic_altar, corexii_leaking_fountain
D:3:      layout_loops_ring, kennysheep_generic_room_14
D:4:      layout_layer_cave, nicolae_ru_path_of_blood,
          minmay_temple_entry_large_hall, amcnicky_mini_pool_small,
          minmay_misc_feat_five, chequers_arboretum, nicolae_nh_oracle_at_delphi
D:5:      layout_basic, grunt_temple_overflow_open,
          nicolae_wu_jian_immortal_techniques, amcnicky_altar_gilded,
          minmay_overflow_temple_star_quad, uniq_menkaure, uniq_pikel
D:6:      layout_loops_ring, gammafunk_temple_overflow_arena,
          nicolae_qazlal_style_of_elements, minmay_strange_pillars,
          uniq_prince_ribbit1
D:7:      layout_rooms, grunt_ministairs_6, supply_closet_lemuel,
          kennysheep_potato
D:8:      layout_rooms, ebering_ghost_inner_flame, serial_glass,
          glass_columns_a, glass_columns_b, nrook_loot_triangle
Temple:   nicolae_temple_little_seven

Notes
Turn   | Place    | Note
-------+----------+-------------------------------------------
     0 | D:1      | kae the Draconian Transmuter began the quest for the Orb.
     0 | D:1      | Reached XP level 1. HP: 16/16 MP: 3/3
     0 | D:1      | magus.rc [v1.11.3]
   112 | D:1      | Reached XP level 2. HP: 17/23 MP: 3/5
   191 | D:1      | Found a faded altar of an unknown god.
   468 | D:1      | Reached XP level 3. HP: 28/28 MP: 6/6
   471 | D:1      | Learned a level 2 spell: Wereblood
   475 | D:1      | Learned a level 3 spell: Spider Form
   601 | D:1      | Found Xutung's Antique Weapon Shop.
   922 | D:2      | Found a hide-covered altar of Uskayaw.
   985 | D:2      | Reached skill level 3 in Transmutations
  1164 | D:2      | Reached skill level 1 in Poison Magic
  1321 | D:2      | HP: 7/28 [poisoned by an adder]
  1324 | D:2      | Reached XP level 4. HP: 7/35 MP: 7/7
  1326 | D:2      | HP: 5/35 [poisoned by an adder]
  2494 | D:4      | Found a staircase to the Ecumenical Temple.
  2511 | D:4      | Noticed a phantom
  2522 | Temple   | Entered the Ecumenical Temple
  2540 | Temple   | Became a worshipper of Hepliaklqana the Forgotten
  2561 | D:4      | Killed a phantom
  2562 | D:4      | Reached skill level 4 in Transmutations
  2562 | D:4      | Reached skill level 2 in Poison Magic
  2562 | D:4      | Reached XP level 5. HP: 20/40 MP: 9/9
  2674 | D:4      | You pick up a book of Geomancy and begin reading...
  2674 | D:4      | You add the spells Sandblast, Passwall and Stone Arrow to
                  | your library.
  2738 | D:4      | Reached skill level 3 in Spellcasting
  2843 | D:4      | Reached XP level 6. HP: 36/47 MP: 10/10
  2927 | D:4      | Reached skill level 4 in Unarmed Combat
  3096 | D:4      | Learned a level 4 spell: Ice Form
  3945 | D:4      | You add the spells Blink, Manifold Assault and Storm Form
                  | to your library.
  3948 | D:4      | Found The Oracle's Delphic Readings.
  4012 | D:4      | Found a sacrificial altar of Ru.
  4117 | D:5      | Entered Level 5 of the Dungeon
  4122 | D:5      | Reached * piety under Hepliaklqana
  4207 | D:5      | Reached skill level 1 in Ice Magic
  4257 | D:5      | HP: 10/42 [poisoned by a scorpion]
  4398 | D:5      | Found an ornate altar of the Wu Jian Council.
  4413 | D:5      | Found a shimmering altar of Xom.
  4428 | D:5      | Reached skill level 5 in Transmutations
  4438 | D:5      | Reached skill level 1 in Invocations
  4485 | D:5      | Your scales start taking on a lurid green colour.
  4485 | D:5      | Reached XP level 7. HP: 36/46 MP: 12/12
  4485 | D:5      | Gained mutation: Your system is resistant to poisons.
                  | (rPois) [Green Draconian growth]
  4605 | D:5      | Noticed Pikel
  4617 | D:5      | Killed Pikel
  4618 | D:5      | Reached skill level 3 in Ice Magic
  4618 | D:5      | Reached skill level 2 in Invocations
  4779 | D:5      | Found an opulent altar of Gozag.
  4782 | D:5      | Found a blossoming altar of Fedhas.
  4786 | D:5      | Found a hide-covered altar of Uskayaw.
  4865 | D:5      | Reached XP level 8. HP: 52/53 MP: 13/13
  4988 | D:5      | Noticed Menkaure
  4999 | D:5      | Reached skill level 6 in Transmutations
  5000 | D:5      | Killed Menkaure
  5001 | D:5      | Reached skill level 5 in Unarmed Combat
  5001 | D:5      | Reached skill level 4 in Spellcasting
  5024 | D:5      | Reached skill level 4 in Ice Magic
  5084 | D:5      | Found a bloodstained altar of Trog.
  5089 | D:5      | Found an iron altar of Okawaru.
  5089 | D:5      | Found a shimmering blue altar of Sif Muna.
  5142 | D:5      | Found an ancient bone altar of Kikubaaqudgha.
  5143 | D:5      | Found a sparkling altar of Nemelex Xobeh.
  5368 | D:6      | Reached skill level 3 in Invocations
  5481 | D:6      | Found a transporter.
  5482 | D:6      | Noticed a two-headed ogre
  5536 | D:6      | Noticed Prince Ribbit
  5548 | D:6      | Killed Prince Ribbit
  5652 | D:6      | Found a stormy altar of Qazlal.
  5654 | D:6      | Noticed an air elemental
  5704 | D:6      | Reached ** piety under Hepliaklqana
  5705 | D:6      | Remembered your ancestor Xolani as a hexer
  5720 | D:6      | Found a shadowy altar of Dithmenos.
  5724 | D:6      | Found a transporter.
  5882 | D:6      | Reached skill level 5 in Ice Magic
  5904 | D:6      | Reached skill level 7 in Transmutations
  6020 | D:6      | Reached XP level 9. HP: 27/57 MP: 16/16
  6400 | D:6      | Learned a level 7 spell: Storm Form
  6444 | D:7      | Reached skill level 4 in Invocations
  6447 | D:7      | Reached skill level 1 in Air Magic
  6586 | D:7      | Reached skill level 5 in Spellcasting
  6597 | D:7      | You pick up a book of Dreams and begin reading...
  6597 | D:7      | You add the spells Ensorcelled Hibernation and Anguish to
                  | your library.
  6714 | D:7      | Reached skill level 2 in Air Magic
  6791 | D:7      | Reached skill level 6 in Unarmed Combat
  7116 | D:7      | Reached skill level 8 in Transmutations
  7388 | D:8      | Reached skill level 3 in Air Magic
  7547 | D:8      | HP: 14/62 [wight/+0 halberd (10)]
  7553 | D:7      | HP: 12/55 [wight/+0 battleaxe (11)]
  7556 | D:7      | Slain by a wight

Vanquished Creatures
  Pikel (D:5)
  Prince Ribbit (D:6)
  A wraith (D:6)
  Menkaure (D:5)
  An orc warrior (D:7)
  2 ogres
  3 lemures (D:5)
  A phantom (D:4)
  2 necrophages
  4 bullfrogs
  A scorpion (D:5)
  3 wights
  2 killer bees (D:8)
  5 jellies
  3 orc priests
  2 gnoll boudas (D:6)
  8 iguanas
  4 orc wizards
  10 gnolls (D:6)
  12 adders
  3 shadow imps
  A worm (D:2)
  3 dart slugs
  24 orcs
  5 ball pythons
  9 endoplasms
  4 giant cockroaches
  7 goblins
  8 hobgoblins
  8 jackals
  7 kobolds
  7 quokkas
  11 bats
  3 frilled lizards
  8 rats
175 creatures vanquished.

Vanquished Creatures (collateral kills)
  A water moccasin (D:7)
  A bullfrog (D:7)
  A gnoll sergeant (D:6)
  A scorpion (D:5)
  A jelly (D:5)
  A hound (D:7)
  2 orc wizards (D:5)
  3 gnolls (D:6)
  3 orcs
14 creatures vanquished.

Vanquished Creatures (others)
  A hexer (D:8)
1 creature vanquished.

Grand Total: 190 creatures vanquished

Table legend:
 A = Non-vault XP
 B = Vault XP
 C = Vault XP percentage of total XP
 D = Non-vault monster count
 E = Vault monster count
 F = Vault count percentage of total count
                 A         B        C        D         E       F
            +---------+---------+-------+---------+---------+-------
      Total |    3268 |    1468 |  31.0 |     166 |      20 |  10.8
            +---------+---------+-------+---------+---------+-------
        D:1 |      46 |      10 |  17.9 |      26 |       5 |  16.1
        D:2 |      70 |       7 |   9.1 |      19 |       5 |  20.8
        D:3 |      56 |       3 |   5.1 |       8 |       2 |  20.0
        D:4 |     308 |       4 |   1.3 |      27 |       2 |   6.9
        D:5 |     549 |     789 |  59.0 |      24 |       2 |   7.7
        D:6 |    1018 |     283 |  21.8 |      35 |       1 |   2.8
        D:7 |     945 |     372 |  28.2 |      23 |       3 |  11.5
        D:8 |     276 |       0 |   0.0 |       4 |       0 |   0.0
            +---------+---------+-------+---------+---------+-------

Illustrated notes

Table legend:
 A = Kills in this place as a percentage of kills in entire the game.
 B = Kills by you in this place as a percentage of kills by you in the entire game.
 C = Kills by friends in this place as a percentage of kills by friends in the entire game.
 D = Other kills in this place as a percentage of other kills in the entire game.
 E = Experience gained in this place as a percentage of experience gained in the entire game.
 F = Experience gained in this place divided by the number of levels of this place that you have seen.
                   A       B       C       D       E      F
               +-------+-------+-------+-------+-------+----------------------
         Total | 100.0 | 100.0 | 100.0 | 100.0 | 100.0 | 526.2
       Dungeon | 100.0 | 100.0 | 100.0 | 100.0 | 100.0 | 592.0
               +-------+-------+-------+-------+-------+----------------------

Table legend: (Time is in decaauts)
 A = Elapsed time spent in this place.
 B = Non-inter-level travel time spent in this place.
 C = Inter-level travel time spent in this place.
 D = Time resting spent in this place.
 E = Time spent auto-exploring this place.
 F = Levels seen in this place.
 G = Mean time per level.
                   A        B        C        D        E       F      G
               +--------+--------+--------+--------+--------+-----+--------+
         Total |   7519 |   7353 |    166 |    127 |   5888 |   9 |  835.4 |
       Dungeon |   7492 |   7333 |    159 |    127 |   5888 |   8 |  936.5 |
        Temple |     26 |     19 |      7 |      0 |      0 |   1 |   26.0 |
               +--------+--------+--------+--------+--------+-----+--------+

Top non-repeatable levels by time:
     D:4: 1595 daAuts
     D:6: 1215 daAuts
     D:5: 1079 daAuts
     D:7: 1029 daAuts
     D:1: 920 daAuts
     D:2: 846 daAuts
     D:3: 711 daAuts
     D:8: 94 daAuts
  Temple: 26 daAuts
